 Dungeon Crawl Stone Soup version 0.27-a0-836-gfc908b8576 (webtiles) character file.

Game seed: 3525031311675428786

1763 robertstho the Grappler (level 8, -5/79 HPs)
             Began as a Troll Fighter on Mar 31, 2021.
             Was a Follower of Okawaru.
             Slain by Joseph
             ... wielding a +0 quarterstaff
              (19 damage)
             ... on level 7 of the Dungeon.
             The game lasted 00:06:33 (4292 turns).

robertstho the Grappler (Troll Fighter)             Turns: 4292, Time: 00:06:34

Health: -5/79      AC:  6    Str: 26    XL:     8   Next: 79%
Magic:  8/8        EV:  9    Int:  5    God:    Okawaru [*.....]
Gold:   343        SH:  9    Dex:  9    Spells: 7/7 levels left

rFire    + + .     SeeInvis .     - Unarmed
rCold    + + .     Faith    .   b - +0 kite shield
rNeg     . . .     Spirit   .   u - +2 robe {rC+ rF+}
rPois    .         Reflect  .   (helmet restricted)
rElec    .         Harm     .   p - scarf {rC+ rF+}
rCorr    .         Rampage  .   (gloves unavailable)
Will     .....                  (boots unavailable)
Stlth    +.........             (no amulet)
HPRegen  1.23/turn              (no ring)
MPRegen  0.11/turn              (no ring)

@: mighty
A: large, unfitting armour, claws 3, regeneration 1, shaggy fur 1, tough skin 1
a: Renounce Religion, Heroism


You were on level 7 of the Dungeon.
You worshipped Okawaru.
Okawaru was aware of your devotion.
You visited 2 branches of the dungeon, and saw 8 of its levels.

You collected 343 gold pieces.

Inventory:

Hand Weapons
 q - a +3 flail of protection
Armour
 b - a +0 kite shield (worn)
 p - a scarf of resistance (worn)
 u - a +2 robe of resistance (worn)
Wands
 a - a wand of flame (15)
 k - a wand of iceblast (6)
 t - a wand of paralysis (5)
Scrolls
 h - a scroll of immolation
 j - 2 scrolls of amnesia {unknown}
 l - 2 scrolls of magic mapping
 m - 2 scrolls of teleportation {unknown}
 n - 3 scrolls of enchant weapon {unknown}
 r - a scroll of fear {unknown}
 v - 2 scrolls of blinking {unknown}
Potions
 c - 3 potions of might
 d - 3 potions of curing
 f - a potion of flight {unknown}
 g - a potion of lignification
 i - a potion of brilliance {unknown}
 o - a potion of berserk rage
 s - a potion of invisibility {unknown}
 w - 2 potions of mutation {unknown}


   Skills:
 * Level 4.4 Fighting
 + Level 4.2 Dodging
 + Level 0.7 Stealth
 + Level 4.0 Shields
 * Level 8.5 Unarmed Combat
 * Level 1.7 Invocations
 + Level 0.1 Evocations


You had 7 spell levels left.
You didn't know any spells.
Your spell library contained the following spells:

 Spells                   Type           Power      Damage    Failure   Level
 Animate Skeleton         Necr           0%         N/A       83%         1
 Confusing Touch          Hex            0%         N/A       99%         3
 Animate Dead             Necr           0%         N/A       100%        4
 Silence                  Hex/Air        0%         N/A       100%        5
 Death Channel            Necr           0%         N/A       100%        6


Dungeon Overview and Level Annotations

Branches:
Dungeon (7/15)             Temple (1/1) D:5

Altars:
Cheibriados
Elyvilon
Fedhas
Gozag
Hepliaklqana
Kikubaaqudgha
Okawaru
Qazlal
Ru
Uskayaw
Wu Jian
Xom

Shops:
D:5 (

Annotations:
D:7 Joseph


Innate Abilities, Weirdness & Mutations

You are too large for most types of armour.
You have claws for hands.
Your natural rate of healing is unusually fast.
You are covered in fur. (AC +1)
You have tough skin. (AC +1)


Message History

You are too injured to fight recklessly!
You are too injured to fight recklessly!
You are too injured to fight recklessly!
You feel much better. Joseph hits you with a +0 quarterstaff!
You block the ice beast's attack.
You feel very mighty all of a sudden. Joseph hits you with a +0 quarterstaff.
The ice beast hits you but does no damage.
You mangle Joseph!!
Joseph is moderately wounded.
Joseph hits you with a +0 quarterstaff! The ice beast hits you.
The ice beast freezes you. You resist.
You barely miss Joseph.
Joseph is moderately wounded.
You block Joseph's attack. The ice beast barely misses you.
You claw the ice beast!
You kill the ice beast!
Okawaru accepts your kill. Joseph hits you with a +0 quarterstaff.
Your Shields skill increases to level 4!
You barely miss Joseph.
Joseph is moderately wounded.
Joseph hits you with a +0 quarterstaff!
* * * LOW HITPOINT WARNING * * *
You claw Joseph!
Joseph is heavily wounded.
Joseph hits you with a +0 quarterstaff!
* * * LOW HITPOINT WARNING * * *
You feel much better. Joseph hits you with a +0 quarterstaff!
You claw Joseph!
Joseph is severely wounded.
Joseph barely misses you.
You barely miss Joseph.
Joseph is severely wounded.
Joseph hits you with a +0 quarterstaff!
* * * LOW HITPOINT WARNING * * *
You scratch Joseph.
Joseph is severely wounded.
Joseph hits you with a +0 quarterstaff!!
You die...

#####################
....<...............
..............##..#
############...#..####
#..........#
#....#..##.# ##
#.#.##@.#
.##########.#.##.@...#
#......[...#..#.........
###############..###.##.
.... ... ##... .#. ..#.
# .. .#


You could see Joseph.

Vanquished Creatures
  Grinder (D:5)
  Sigmund (D:6)
  Eustachio (D:4)
  Edmund (D:6)
  An ice beast (D:7)
  A hornet zombie (D:6)
  2 ogres
  A kobold brigand (D:7)
  A scorpion (D:5)
  2 water moccasin zombies
  2 howler monkeys
  3 hounds
  3 jellies
  A bullfrog zombie (D:6)
  A centaur skeleton (D:5)
  3 iguanas
  7 adders
  A shadow imp (D:5)
  An ufetubus (D:5)
  An adder skeleton (D:4)
  A worm (D:2)
  3 dart slugs
  8 orcs
  6 bats
  4 endoplasms
  3 giant cockroaches
  4 goblins
  4 hobgoblins
  11 jackals
  4 quokkas (D:1)
  11 ball pythons
  7 frilled lizards
  11 kobolds
  8 rats
120 creatures vanquished.

Notes
Turn   | Place    | Note
-------+----------+-------------------------------------------
     0 | D:1      | robertstho the Troll Fighter began the quest for the Orb.
     0 | D:1      | Reached XP level 1. HP: 22/22 MP: 0/0
    47 | D:1      | Reached XP level 2. HP: 29/29 MP: 1/1
   365 | D:1      | Reached XP level 3. HP: 34/36 MP: 2/2
   707 | D:2      | Reached skill level 3 in Unarmed Combat
   759 | D:2      | Reached XP level 4. HP: 45/45 MP: 3/3
   909 | D:2      | Found a white marble altar of Elyvilon.
  1379 | D:3      | Found an ancient bone altar of Kikubaaqudgha.
  1380 | D:3      | Found a blossoming altar of Fedhas.
  1752 | D:3      | Identified the Compendium of Enchanting Evil Arts
  2131 | D:4      | Noticed an ogre
  2151 | D:4      | Killed an ogre
  2152 | D:4      | Reached skill level 4 in Unarmed Combat
  2152 | D:4      | Reached XP level 5. HP: 4/53 MP: 4/4
  2164 | D:5      | Entered Level 5 of the Dungeon
  2257 | D:4      | Found a stormy altar of Qazlal.
  2259 | D:4      | Noticed an air elemental
  2261 | D:4      | Noticed a fire elemental
  2261 | D:4      | Noticed a water elemental
  2439 | D:4      | Reached XP level 6. HP: 59/61 MP: 5/5
  2457 | D:4      | Noticed Eustachio
  2466 | D:4      | Killed Eustachio
  2467 | D:4      | Reached skill level 5 in Unarmed Combat
  2941 | D:5      | Found Wimopsat's Weapon Shoppe.
  2952 | D:5      | Reached XP level 7. HP: 64/68 MP: 6/6
  2973 | D:5      | Noticed Grinder
  2977 | D:5      | Paralysed by Grinder for 4 turns
  2985 | D:5      | Killed Grinder
  2986 | D:5      | Reached skill level 6 in Unarmed Combat
  3166 | D:5      | Found a staircase to the Ecumenical Temple.
  3353 | D:5      | Reached XP level 8. HP: 63/78 MP: 7/7
  3528 | Temple   | Entered the Ecumenical Temple
  3534 | Temple   | Became a worshipper of Warmaster Okawaru
  3583 | D:6      | Noticed Edmund
  3587 | D:6      | Reached skill level 7 in Unarmed Combat
  3591 | D:6      | Killed Edmund
  3729 | D:6      | Reached skill level 1 in Invocations
  3756 | D:6      | Noticed Sigmund
  3764 | D:6      | Killed Sigmund
  3764 | D:6      | Reached * piety under Okawaru
  3765 | D:6      | Reached skill level 8 in Unarmed Combat
  4269 | D:7      | Noticed Joseph
  4292 | D:7      | Slain by Joseph

Illustrated notes

Levels and vault maps discovered:
D:1:      saegor_arrival_simple_a, layout_basic
D:2:      layout_basic, old_standard_altar
D:3:      kb_forest_paths, layout_basic, grunt_temple_overflow_growth_and_decay
D:4:      layout_basic, nicolae_qazlal_style_of_elements, uniq_eustachio
D:5:      layout_cave_pools, minmay_temple_entry_ruins, serial_shops,
          shop_statue, uniq_grinder
D:6:      layout_basic, uniq_edmund, uniq_sigmund
D:7:      layout_loops_ring, chequers_temple_overflow_minitemple,
          lemuel_mausoleum_altar_yredelemnul, uniq_menkaure,
          uniq_crazy_yiuf_cottage, uniq_joseph
Temple:   eino_narrow_crystal_temple

Skill      XL: |  1  2  3  4  5  6  7  8 |
---------------+-------------------------+-----
Unarmed Combat | 3 4 5 6 8 |  8.5
Fighting       | 3 4 |  4.4
Dodging        | 3 4 |  4.2
Shields        | 3 4 |  4.0
Invocations    | 1 |  1.7
Stealth        | |  0.7
Evocations     | |  0.1

Action                   |  1- 3 |  4- 6 |  7- 9 || total
-------------------------+-------+-------+-------++-------
Melee: Unarmed           |   101 |   164 |   122 ||   387
Evoke: Wand              |       |     2 |       ||     2
  Use: Potion            |       |     4 |     3 ||     7
       Scroll            |       |     3 |     1 ||     4
Armor: Robe              |    42 |    65 |    16 ||   123
Dodge: Dodged            |    39 |    68 |    33 ||   140
Block: Kite shield       |    49 |    78 |    35 ||   162

Table legend: (Time is in decaauts)
 A = Elapsed time spent in this place.
 B = Non-inter-level travel time spent in this place.
 C = Inter-level travel time spent in this place.
 D = Time resting spent in this place.
 E = Time spent auto-exploring this place.
 F = Levels seen in this place.
 G = Mean time per level.
                   A        B        C        D        E       F      G
               +--------+--------+--------+--------+--------+-----+--------+
         Total |   4338 |   4007 |    331 |     73 |   3132 |   8 |  542.2 |
       Dungeon |   4325 |   4001 |    324 |     73 |   3132 |   7 |  617.9 |
        Temple |     12 |      6 |      6 |      0 |      0 |   1 |   12.0 |
               +--------+--------+--------+--------+--------+-----+--------+

Top non-repeatable levels by time:
     D:3: 856 daAuts
     D:2: 738 daAuts
     D:5: 723 daAuts
     D:4: 683 daAuts
     D:6: 632 daAuts
     D:1: 595 daAuts
     D:7: 96 daAuts
  Temple: 12 daAuts
